 Dungeon Crawl Stone Soup version 0.31-a0-1074-g0b22e4e0f1 (webtiles) character file.

Game seed: 15922901058870110476

2 Curundu the Trooper (level 1, -1/19 HPs)
             Began as a Draconian Berserker on Nov 28, 2023.
             Was a Follower of Trog.
             Slain by a goblin
             ... wielding a +0 dagger
              (2 damage)
             ... on level 1 of the Dungeon.
             The game lasted 00:01:02 (83 turns).

Curundu the Trooper (Draconian Berserker)             Turns: 83, Time: 00:01:05

Health: -1/19      AC:  4    Str: 19    XL:     1   Next: 25%
Magic:  1/1        EV:  9    Int:  7    God:    Trog [*.....]
Gold:   13         SH:  0    Dex: 10    Spells: 0/0 levels left

rFire   . . .        a - +0 spear
rCold   . . .        (no shield)
rNeg    . . .        (body armour unavailable)
rPois   .            (helmet restricted)
rElec   .            (no cloak)
rCorr   .            (no gloves)
SInv    .            (no boots)
Will    .....        (no amulet)
Stlth   +            (no ring)
HPRegen 0.23/turn    (no ring)
MPRegen 0.07/turn

%: no passive effects
@: constricted
A: AC +4, unfitting armour, cold-blooded
a: Renounce Religion, Berserk


You were on level 1 of the Dungeon.
You worshipped Trog.
Trog was aware of your devotion.
You visited 1 branch of the dungeon, and saw 1 of its levels.

You collected 13 gold pieces.

Inventory:

Hand Weapons
 a - a +0 spear (weapon)


   Skills:
 + Level 3.3 Fighting
 + Level 3.0 Polearms
 + Level 2.7 Dodging


You couldn't memorise any spells.
You didn't know any spells.
Your spell library was empty.

Dungeon Overview and Level Annotations

Branches:
Dungeon (1/15)

Altars:


Innate Abilities, Weirdness & Mutations

Your plain brown scales are hard. (AC +4)
You cannot fit into any form of body armour.
You are cold-blooded and may be slowed by cold attacks.


Message History

Found 3 scrolls labelled JOISSA OPLUTUNG.
A gnoll comes into view. It is wielding a +0 spear.
The gnoll shouts!
A ball python comes into view.
The ball python hisses angrily.
A goblin comes into view. It is wielding a +0 dagger.
The goblin shouts!
The gnoll hits you with a +0 spear!
You hit the gnoll but do no damage.
You tail-slap the gnoll, but do no damage.
The ball python closely misses you. The ball python grabs you.
The ball python constricts you. The gnoll completely misses you.
You hit the gnoll.
The gnoll is lightly wounded.
The ball python bites you but does no damage.
The ball python constricts you. The gnoll hits you with a +0 spear.
The ball python barely misses you. The ball python constricts you.
You hit the gnoll but do no damage.
The gnoll is lightly wounded.
The gnoll hits you with a +0 spear. The ball python closely misses you.
The ball python constricts you.
You hit the gnoll.
The gnoll is heavily wounded.
The gnoll hits you with a +0 spear.
* * * LOW HITPOINT WARNING * * *
The ball python bites you but does no damage.
The ball python constricts you.
You hit the gnoll.
The gnoll is almost dead.
The gnoll closely misses you. The ball python barely misses you.
The ball python constricts you.
* * * LOW HITPOINT WARNING * * *
You hit the gnoll.
You kill the gnoll!
Trog accepts your kill.
The ball python bites you but does no damage.
The ball python constricts you.
* * * LOW HITPOINT WARNING * * *
The goblin hits you with a +0 dagger.
You die...

################
#..........##..#
#######..........'...#
#...............##..##
#.....g......†...#...##
#.....)@.........#....#
#.....S..........##...##
#.................#....#
#......##.###.##.###.<.#
#...?.. #.# #.##.>##...>
....... ..# #.##...##..#
.####.##### #.##...##...
#. #......##### #.######


You could see a goblin and a ball python.

Vanquished Creatures
  A gnoll (D:1)
  An endoplasm (D:1)
  A rat (D:1)
3 creatures vanquished.

Notes
Turn   | Place    | Note
-------+----------+-------------------------------------------
     0 | D:1      | Curundu the Draconian Berserker began the quest for the
                  | Orb.
     0 | D:1      | Reached XP level 1. HP: 19/19 MP: 1/1
    83 | D:1      | Slain by a goblin

Illustrated notes

Levels and vault maps discovered:
D:1:      dpeg_arrival_long_road, layout_basic, corexii_item_surrounded_by_moat

Action                     || total
---------------------------++-------
  Melee: Spear             ||    11
         Tailslap          ||     2
 Armour: Skin              ||    12
  Dodge: Dodged            ||     7

Table legend: (Time is in decaauts)
 A = Elapsed time spent in this place.
 B = Non-inter-level travel time spent in this place.
 C = Inter-level travel time spent in this place.
 D = Time resting spent in this place.
 E = Time spent auto-exploring this place.
 F = Levels seen in this place.
 G = Mean time per level.
                   A        B        C        D        E       F      G
               +--------+--------+--------+--------+--------+-----+--------+
         Total |     82 |     80 |      2 |      4 |      0 |   1 |   82.0 |
       Dungeon |     82 |     80 |      2 |      4 |      0 |   1 |   82.0 |
               +--------+--------+--------+--------+--------+-----+--------+

Top non-repeatable levels by time:
     D:1: 82 daAuts
